AoeStats
← NPG | Shimishi Maki

Nomad

505121420Analyzed
4v4 RM · 24d ago on Sep 7, 2026· 41m 0s· 8 players
Game mode
Random Map
Map size
231×231
Population
200
Speed
Normal
Resources
Standard
Victory
Conquest
Starting age
Dark Age
Ending age
Imperial Age
RankedLock teamsTeams togetherTeam positionsShared explorationLock speedFull tech treeHidden civsTurbo modeCheats
Victory
Defeat
🇨🇱 Bengalis · Chile
1720
+7
🇨🇱 Hindustanis · Chile
1537
+14
🇨🇱 Malay · Chile
1505
+15
🇦🇷 Turks · Argentina
1426
+19
🇵🇪 Franks · Peru
1576
-17
🇲🇽 Dravidians · Mexico
1511
-14
🇺🇸 Khmer · United States
1472
-13
🇺🇸 Gurjaras · United States
1426
-11
Eat_Rice
4:10 Loom
13:12 Feudal Age
16:36 Castle Age
16:32 Double-Bit Axe
18:46 Bow Saw
23:32 Wheelbarrow
24:50 Pikeman
27:56 Horse Collar
28:20 Gold Mining
30:57 Husbandry
31:07 Bloodlines
31:20 Hand Cart
32:01 Gold Shaft Mining
35:37 Imperial Age
32:46 Light Cavalry
33:59 Stone Mining
34:18 Scale Barding Armor
35:20 Heavy Plow
36:51 Chain Barding Armor
36:42 Forging
35:56 Hussar
38:00 Iron Casting
37:25 Capped Ram
39:26 Plate Barding Armor
39:28 Halberdier
41:16 Scale Mail Armor
41:48 Conscription
el_Feist
5:02 Loom
12:29 Feudal Age
13:46 Double-Bit Axe
15:08 Fishing Lines
18:14 Fletching
21:03 Castle Age
23:52 Wheelbarrow
23:58 Horse Collar
25:09 Gillnets
25:31 Medium Warships
25:18 Bodkin Arrow
28:27 Bow Saw
29:00 Gold Mining
30:07 Husbandry
31:24 Hand Cart
32:58 Heavy Plow
32:31 Demolition Ship
38:46 Imperial Age
37:24 Scale Barding Armor
37:29 Forging
38:24 Ballistics
40:00 Bloodlines
40:15 Chain Barding Armor
40:31 Iron Casting
[GDL] Perro del Mal
5:22 Loom
13:48 Feudal Age
14:33 Double-Bit Axe
17:19 Fletching
18:20 Wheelbarrow
17:49 Padded Archer Armor
29:25 Castle Age
27:47 Horse Collar
29:29 Crossbowman
33:08 Ballistics
33:10 Bodkin Arrow
JAKU
4:55 Loom
13:00 Feudal Age
16:45 Double-Bit Axe
23:13 Castle Age
21:50 Gold Mining
24:01 Scale Barding Armor
25:19 Bow Saw
26:02 Chain Barding Armor
26:23 Forging
34:54 Wheelbarrow
34:56 Husbandry
36:21 Hand Cart
38:15 Iron Casting
NPG | DR@CA
5:14 Loom
11:59 Feudal Age
12:30 Double-Bit Axe
20:32 Gold Mining
24:22 Castle Age
25:15 Medium Warships
25:30 Bow Saw
26:20 Wheelbarrow
28:38 Town Watch
31:33 Imperial Age
29:50 Hand Cart
29:22 Horse Collar
31:22 Husbandry
32:33 Bloodlines
32:55 Heavy Plow
33:57 Scale Barding Armor
34:02 Forging
35:56 Chain Barding Armor
37:59 Heavy Camel Rider
40:42 Plate Barding Armor
BrøweN
3:16 Loom
14:27 Feudal Age
16:43 Fletching
22:12 Horse Collar
22:18 Double-Bit Axe
25:01 Castle Age
24:46 Bodkin Arrow
33:58 Wheelbarrow
34:38 Pikeman
38:58 Hand Cart
39:02 Fishing Lines
41:56 Imperial Age
39:43 Gold Mining
39:30 Crossbowman
40:53 Thumb Ring
NPG | Shimishi Maki
5:09 Loom
13:39 Feudal Age
14:21 Double-Bit Axe
16:10 Fishing Lines
20:42 Castle Age
18:57 Forging
22:02 Gillnets
22:23 Bow Saw
22:55 Medium Warships
24:05 Iron Casting
25:50 Wheelbarrow
25:00 Town Watch
25:10 Stone Mining
25:04 Horse Collar
25:46 Heavy Plow
27:29 Fletching
29:57 Hand Cart
29:58 Bodkin Arrow
34:03 Imperial Age
31:35 Padded Archer Armor
31:59 Gold Mining
32:48 Ballistics
32:08 Treadmill Crane
33:27 Gold Shaft Mining
33:38 Leather Archer Armor
33:36 Masonry
33:43 Paiks
35:00 Bracer
36:02 Chemistry
36:21 Ring Archer Armor
35:50 Elite Elephant Archer
38:48 Husbandry
39:19 Bloodlines
40:34 Siege Engineers
Casitas Voy
6:58 Loom
11:52 Feudal Age
13:32 Double-Bit Axe
16:47 Scale Barding Armor
17:37 Forging
21:33 Wheelbarrow
24:22 Castle Age
23:56 Bloodlines
25:27 Chain Barding Armor
28:14 Husbandry
29:02 Town Watch
29:29 Bow Saw
31:28 Iron Casting
30:49 Horse Collar
32:52 Heavy Plow
36:23 Hand Cart
36:43 Stone Mining
36:44 Gold Mining
43:16 Imperial Age
41:52 Gold Shaft Mining
Connection lost

Rejoining the realm…

Still unreachable

The connection could not be restored.

Session expired

The server has moved on; the page needs a fresh start.